 Dungeon Crawl Stone Soup version 0.23-a0-536-g5e0f5a2 (webtiles) character file.

45959 CougarLife the Severer (level 14, -3/113 HPs)
             Began as a Formicid Fighter on Dec 7, 2018.
             Was a High Priest of Okawaru.
             Slain by a death yak (14 damage)
             ... on level 4 of the Lair of Beasts.
             The game lasted 00:45:00 (15963 turns).

CougarLife the Severer (Formicid Fighter)          Turns: 15963, Time: 00:45:00

Health: -3/113     AC: 19    Str: 29    XL:     14   Next: 73%
Magic:  19/21      EV: 20    Int:  5    God:    Okawaru [*****.]
Gold:   663        SH: 18    Dex: 10    Spells: 13/13 levels left

rFire    . . .     SeeInvis +   z - +3 battleaxe (freeze)
rCold    + + +     Gourm    .   c - +0 shield
rNeg     + . .     Faith    .   s - +7 ring mail of Maberocu {rC+++ Int-3 Slay+5 SInv}
rPois    +         Spirit   .   (helmet unavailable)
rElec    .         Reflect  +   w - +2 cloak {rPois}
rCorr    +         Harm     .   k - +0 pair of gloves of the Onion {rN+ Str+3}
MR       +....                  N - +1 pair of boots
Stlth    +++.......             t - +4 amulet of reflection
HPRegen  0.28/turn              r - +5 ring of evasion
MPRegen  0.17/turn              B - ring of resist corrosion

@: heroism, finesse, corroded, very slightly contaminated, invisible (expiring)
A: permanent stasis, dig shafts and tunnels, four strong arms, antennae 3
a: Dig, Shaft Self, Heroism, Finesse, Renounce Religion


You were on level 4 of the Lair of Beasts.
You worshipped Okawaru.
Okawaru was extremely pleased with you.
You were not hungry.

You visited 3 branches of the dungeon, and saw 17 of its levels.

You collected 1137 gold pieces.
You spent 474 gold pieces at shops.

Inventory:

Hand Weapons
 n - a +0 great mace
 z - a +3 battleaxe of freezing (weapon)
 C - the +5 broad axe "Wyhur" {pain, rElec rPois Str-2 Dex+6}
   (Okawaru gifted it to you on level 1 of the Lair of Beasts)

   In the hands of one skilled in necromantic magic, it inflicts extra damage on
   living creatures.
   It affects your strength (-2).
   It affects your dexterity (+6).
   It insulates you from electricity.
   It protects you from poison.
Missiles
 J - 4 throwing nets (quivered)
Armour
 c - a +0 shield (worn)
 k - the +0 pair of gloves of the Onion (worn) {rN+ Str+3}
   (You bought it in a shop on level 9 of the Dungeon)

   It affects your strength (+3).
   It protects you from negative energy.
 s - the +7 ring mail of Maberocu (worn) {rC+++ Int-3 Slay+5 SInv}
   (You found it on level 9 of the Dungeon)

   It affects your intelligence (-3).
   It affects your accuracy and damage with ranged weapons and melee attacks
   (+5).
   It renders you almost immune to cold.
   It lets you see invisible.
 w - a +2 cloak of poison resistance (worn)
 N - a +1 pair of boots (worn)
Jewellery
 r - a +5 ring of evasion (left hand)
 t - a +4 amulet of reflection (around neck)
 v - an uncursed ring of flight
 B - a ring of resist corrosion (right hand)
 E - an uncursed ring of ice
 F - an uncursed ring of positive energy
 I - an uncursed ring of fire
Wands
 o - a wand of flame (60)
 y - a wand of disintegration (28)
 D - a wand of paralysis (3)
 M - a wand of iceblast (10)
 P - a wand of clouds (5)
Scrolls
 a - 3 scrolls of immolation {unknown}
 b - 2 scrolls of fear {unknown}
 g - 2 scrolls of amnesia {unknown}
 h - 7 scrolls of enchant armour
 j - 7 scrolls of remove curse
 u - a scroll of torment {unknown}
 x - a scroll of magic mapping {unknown}
 G - 2 scrolls of blinking {unknown}
 L - 4 scrolls of identify
 O - a scroll of random uselessness {unknown}
 Q - a scroll of noise {unknown}
 R - 3 scrolls of fog {unknown}
Potions
 d - 3 potions of mutation {unknown}
 e - 4 potions of curing
 i - a potion of resistance {unknown}
 l - 12 potions of degeneration {unknown}
 m - 6 potions of brilliance {unknown}
 p - a potion of invisibility
 q - 4 potions of flight {unknown}
 A - a potion of ambrosia {unknown}
 H - 3 potions of heal wounds {unknown}
 K - 2 potions of cancellation {unknown}
 S - a potion of berserk rage {unknown}
Comestibles
 f - 38 rations
 T - 2 chunks of flesh


   Skills:
 - Level 11.0(16.0) Fighting
 - Level 15.0(20.0) Axes
 - Level 10.5(15.5) Armour
 - Level 3.0(8.0) Dodging
 - Level 3.3(8.3) Stealth
 - Level 10.0(15.0) Shields
 - Level 10.1 Invocations
 + Level 7.7 Evocations


You had 13 spell levels left.
You didn't know any spells.
Your spell library contained the following spells:

 Spells                   Type           Power        Failure   Level  Hunger
 Confusing Touch          Hex            #.....       56%         1    ##.....
 Corona                   Hex            #......      56%         1    ##.....
 Flame Tongue             Conj/Fire      #....        56%         1    ##.....
 Shock                    Conj/Air       #...         56%         1    ##.....
 Ensorcelled Hibernation  Hex/Ice        #.....       71%         2    ###....
 Sublimation of Blood     Necr           #.........   71%         2    ###....
 Swiftness                Chrm/Air       #.......     71%         2    ###....
 Throw Flame              Conj/Fire      #.....       71%         2    ###....
 Confuse                  Hex            #.......     90%         3    ####...
 Conjure Flame            Conj/Fire      #.......     90%         3    ####...
 Dazzling Spray           Conj/Hex       #.....       90%         3    ####...
 Gell's Gravitas          Tloc           #.........   90%         3    ####...
 Ignite Poison            Fire/Tmut/Pois #.......     90%         3    ####...
 Inner Flame              Hex/Fire       #.......     90%         3    ####...
 Portal Projectile        Hex/Tloc       #.....       90%         3    ####...
 Static Discharge         Conj/Air       #.......     90%         3    ####...
 Tukima's Dance           Hex            #.......     90%         3    ####...
 Airstrike                Air            #.........   100%        4    #####..
 Petrify                  Tmut/Erth      #.......     100%        4    #####..
 Sticky Flame             Conj/Fire      #.......     100%        4    #####..
 Alistair's Intoxication  Tmut/Pois      #.......     100%        5    ######.
 Bolt of Magma            Conj/Fire/Erth #.........   100%        5    ######.
 Fireball                 Conj/Fire      #.........   100%        5    ######.
 Irradiate                Conj/Tmut      #.........   100%        5    ######.
 Iskenderun's Battlesphe  Conj/Chrm      #.......     100%        5    ######.
 Lightning Bolt           Conj/Air       #.........   100%        5    ######.
 Metabolic Englaciation   Hex/Ice        #.........   100%        5    ######.
 Venom Bolt               Conj/Pois      #.........   100%        5    ######.
 Yara's Violent Unravell  Hex/Tmut       #.........   100%        5    ######.
 Invisibility             Hex            #.......     100%        6    #######
 Iron Shot                Conj/Erth      #.........   100%        6    #######
 Orb of Destruction       Conj           #.........   100%        7    #######
 Spellforged Servitor     Conj/Summ      #.........   100%        7    #######


Dungeon Overview and Level Annotations

Branches:
Dungeon (12/15)            Temple (1/1) D:6            Lair (4/6) D:8
 Shoals (0/4) Lair:2          Orc (0/2) D:10
  Snake: Lair:2-4    Spider: Lair:2-4

Altars:
Ashenzari
Cheibriados
Dithmenos
Elyvilon
Fedhas
Gozag
Hepliaklqana
Kikubaaqudgha
Makhleb
Nemelex Xobeh
Okawaru
Qazlal
Ru
Sif Muna
Trog
Uskayaw
Vehumet
Wu Jian
Xom
Yredelemnul
Zin
The Shining One

Shops:
D:5 ?*   D:6 !   D:7 !   D:9 [

Annotations:
D:6 3 runed doors, Buffagor's ghost, novice FoFi


Innate Abilities, Weirdness & Mutations

You cannot be hasted, slowed, berserked, paralysed or teleported.
You can dig through walls and to a lower floor.
Your four strong arms can wield two-handed weapons with a shield.
You have a pair of large antennae on your head. (SInv)


Message History

You closely miss the entropy weaver.
The entropy weaver is severely wounded.
You block the entropy weaver's attack. x2
The entropy weaver hits you but does no damage. x2
You closely miss the entropy weaver.
The entropy weaver is severely wounded.
You closely miss the entropy weaver.
The entropy weaver is severely wounded.
You barely miss the entropy weaver.
The entropy weaver is severely wounded.
The entropy weaver drinks a potion.
The entropy weaver is healed!
You slash the entropy weaver! You freeze the entropy weaver.
The entropy weaver is almost dead.
You slice the entropy weaver!! You freeze the entropy weaver.
You kill the entropy weaver!
Okawaru accepts your kill.
Some of the chunks of flesh in your inventory have rotted away.
You flicker for a moment.
The death yak gores you!
You die...

.. .. ## ##.....# ..
... .. ####.....#
...#..#. #........#
..#.#.#########...#.#
##....#...#.####....#
.#.#........#..###.#.##
#..Y..#.........##....#
#..#†Y...Y.Y.#.†.##).##
....#†$..†.Y...†@††#†#
#.#...#...#†...Y###†.#
.......#..$..........#
#..#.#..#..Y.....#.#..#
##........?....###...##
#..#..........# ....#
..##...#.....###...(.#
.. #.#.#####.# #......
###. ..# .......


You could see 5 death yaks.

Vanquished Creatures
  2 entropy weavers (Lair:4)
  Josephine (D:10)
  Harold (Lair:2)
  8 hydras
  3 two-headed ogres
  A queen ant (Lair:4)
  2 death yaks
  Pikel (D:4)
  2 ugly things
  2 centaur zombies
  4 elephants
  A merfolk siren (Lair:2)
  3 black mambas
  Joseph (Lair:1)
  7 spiny frogs
  2 komodo dragons
  A merfolk (D:11)
  A queen bee (Lair:4)
  3 meliai (Lair:4)
  A troll (D:10)
  10 blink frogs (Lair:3)
  13 hippogriffs
  2 wyverns
  34 yaks
  6 wraiths
  A shadow (D:11)
  A hungry ghost (D:12)
  9 vampire mosquitoes (D:12)
  A warg (D:10)
  3 basilisks
  18 soldier ants
  5 porcupines
  2 water moccasins
  A slave (D:4)
  4 orc warriors
  3 sky beasts
  2 black bears (D:7)
  4 ice beasts
  A necrophage (D:9)
  An eye of draining (D:10)
  3 phantoms
  19 wolves
  5 ogres
  4 centaurs
  5 crocodiles
  2 big kobolds
  17 bullfrogs
  A wyvern zombie (D:11)
  A wyvern skeleton (D:11)
  4 scorpions
  26 killer bees
  9 wights (D:8)
  A howler monkey (D:7)
  A vampire bat (D:3)
  4 electric eels
  8 crimson imps
  A quasit (D:10)
  5 jellies
  8 orc wizards
  Crazy Yiuf (D:4)
  A centaur skeleton (D:9)
  5 orc priests
  A bullfrog skeleton (D:4)
  8 hounds
  Natasha (thrice) (D:4)
  3 iguanas
  34 worker ants
  2 hound skeletons
  2 worker ant zombies
  13 gnolls
  13 adders
  A shadow imp (D:9)
  An adder zombie (D:6)
  2 adder skeletons
  3 worms
  3 dart slugs
  9 leopard geckos
  38 orcs
  7 giant cockroaches
  6 goblins
  5 hobgoblins
  3 jackals (D:3)
  18 kobolds
  4 quokkas
  A ball python (D:5)
  11 bats
  8 frilled lizards
  A giant cockroach zombie (D:5)
  A leopard gecko skeleton (D:7)
  2 leopard gecko zombies
  2 rats
  3 fungi
  4 plants
511 creatures vanquished.

Vanquished Creatures (others)
  2 slaves (D:4)
  A bullfrog (D:4)
  A leopard gecko (D:4)
  3 jackals (D:4)
  A ball python (D:4)
  4 fungi
  3 plants
15 creatures vanquished.

Grand Total: 526 creatures vanquished

Notes
Turn   | Place    | Note
-------+----------+-------------------------------------------
     0 | D:1      | CougarLife the Formicid Fighter began the quest for the
                  | Orb.
     0 | D:1      | Reached XP level 1. HP: 18/18 MP: 1/1
   161 | D:1      | Reached XP level 2. HP: 18/24 MP: 2/2
   532 | D:1      | Reached XP level 3. HP: 30/30 MP: 3/3
  1123 | D:2      | Reached XP level 4. HP: 25/37 MP: 4/4
  1264 | D:2      | Reached skill level 3 in Axes
  1613 | D:2      | Reached XP level 5. HP: 42/42 MP: 5/5
  2437 | D:3      | Reached skill level 4 in Axes
  2506 | D:3      | Reached skill level 1 in Dodging
  2574 | D:3      | Found a glowing golden altar of the Shining One.
  2698 | D:3      | Reached XP level 6. HP: 43/48 MP: 6/6
  3019 | D:4      | Noticed Natasha
  3034 | D:4      | Killed Natasha
  3045 | D:4      | Noticed a slave
  3047 | D:4      | Noticed a slave
  3048 | D:4      | Noticed a slave
  3049 | D:4      | Noticed Pikel
  3051 | D:4      | Noticed a slave
  3057 | D:4      | Killed a slave
  3059 | D:4      | Killed Pikel
  3059 | D:4      | Reached XP level 7. HP: 9/54 MP: 7/7
  3059 | D:4      | Reached XP level 8. HP: 10/60 MP: 8/8
  3310 | D:4      | Found a shadowy altar of Dithmenos.
  3451 | D:4      | Noticed Natasha
  3471 | D:4      | Killed Natasha
  3609 | D:4      | Noticed a hippogriff
  3623 | D:4      | Killed a hippogriff
  3634 | D:4      | Noticed Natasha
  3640 | D:4      | Killed Natasha
  4023 | D:4      | Found a deep blue altar of Sif Muna.
  4144 | D:4      | Found a runed door.
  4386 | D:4      | Noticed Crazy Yiuf
  4393 | D:4      | Killed Crazy Yiuf
  4476 | D:5      | Entered Level 5 of the Dungeon
  4584 | D:5      | Found an ornate altar of the Wu Jian Council.
  4889 | D:5      | Found a sparkling altar of Nemelex Xobeh.
  4905 | D:5      | Found a hide-covered altar of Uskayaw.
  4915 | D:5      | Found Fusosufi's Magic Scroll Boutique.
  4996 | D:5      | Reached XP level 9. HP: 60/65 MP: 9/9
  5192 | D:5      | Found Xerhu's General Store.
  5262 | D:6      | Found an ancient bone altar of Kikubaaqudgha.
  5263 | D:6      | Noticed a hippogriff
  5274 | D:6      | Killed a hippogriff
  5286 | D:6      | Reached skill level 10 in Shields
  5533 | D:6      | Found Tebagino's Distillery.
  5597 | D:6      | Found a sacrificial altar of Ru.
  5864 | D:6      | Reached skill level 5 in Axes
  5869 | D:6      | Found an opulent altar of Gozag.
  5928 | D:6      | Found a runed gate.
  5929 | D:6      | Found a staircase to the Ecumenical Temple.
  5943 | Temple   | Entered the Ecumenical Temple
  6022 | Temple   | Became a worshipper of Warmaster Okawaru
  6062 | D:6      | Found a runed gate.
  6062 | D:6      | Found a runed gate.
  6263 | D:6      | Noticed Buffagor's ghost (novice FoFi)
  6351 | D:7      | Reached skill level 6 in Axes
  6443 | D:7      | Found Okhozox's Distillery.
  6690 | D:7      | Reached * piety under Okawaru
  6690 | D:7      | Reached skill level 7 in Axes
  6787 | D:7      | Reached XP level 10. HP: 66/71 MP: 10/10
  7001 | D:7      | Reached skill level 8 in Axes
  7071 | D:7      | Reached skill level 9 in Axes
  7327 | D:8      | Found a staircase to the Lair.
  7327 | D:8      | Noticed an elephant
  7327 | D:8      | Noticed a death yak
  7360 | D:7      | Killed a death yak
  7360 | D:7      | Reached ** piety under Okawaru
  7374 | D:7      | Reached skill level 10 in Axes
  7387 | D:7      | Killed an elephant
  7539 | D:8      | Identified the Grimoire of Curses
  7585 | D:8      | Reached skill level 5 in Fighting
  7673 | D:8      | Reached *** piety under Okawaru
  7874 | D:8      | Found a bloodstained altar of Trog.
  8005 | D:8      | Reached XP level 11. HP: 68/83 MP: 11/11
  8399 | D:9      | Got a warped ring mail
  8400 | D:9      | Identified the +7 ring mail of Maberocu {rC+++ Int-3 Slay+5
                  | SInv} (You found it on level 9 of the Dungeon)
  8425 | D:9      | Reached skill level 11 in Axes
  8532 | D:9      | Found a shimmering altar of Xom.
  8533 | D:9      | Found a shimmering altar of Xom.
  8533 | D:9      | Found a shimmering altar of Xom.
  8536 | D:9      | Found a shimmering altar of Xom.
  8572 | D:9      | Reached **** piety under Okawaru
  8572 | D:9      | Received a gift from Okawaru
  8890 | D:9      | Found Qeomon's Antique Armour Boutique.
  8893 | D:9      | Bought a pair of heavily runed gloves for 237 gold pieces
  8893 | D:9      | Bought a faintly glowing cloak for 237 gold pieces
  8903 | D:9      | Identified the cursed +0 cloak "Ahaf Axe" {MR+ Dex+3} (You
                  | bought it in a shop on level 9 of the Dungeon)
  8942 | D:9      | Identified the cursed +0 pair of gloves of the Onion {rN+
                  | Str+3} (You bought it in a shop on level 9 of the Dungeon)
  9424 | D:10     | Entered Level 10 of the Dungeon
  9495 | D:10     | Reached skill level 12 in Axes
  9531 | D:10     | Noticed a two-headed ogre
  9532 | D:10     | Found a staircase to the Orcish Mines.
  9538 | D:10     | Killed a two-headed ogre
  9770 | D:10     | Reached ***** piety under Okawaru
  9902 | D:10     | Noticed Josephine
  9908 | D:10     | Reached skill level 13 in Axes
  9913 | D:10     | Killed Josephine
  9913 | D:10     | Received a gift from Okawaru
  9913 | D:10     | Reached XP level 12. HP: 85/91 MP: 9/12
 10220 | D:10     | Got a blackened plate armour {god gift}
 10221 | D:10     | Identified the +6 plate armour "Plog" {+Fly rC+ Dex-4 SInv}
                  | (Okawaru gifted it to you on level 10 of the Dungeon)
 10440 | D:11     | Noticed a two-headed ogre
 10444 | D:11     | Killed a two-headed ogre
 10444 | D:11     | Reached skill level 14 in Axes
 11236 | D:12     | Reached skill level 15 in Axes
 11295 | D:12     | Noticed a five-headed hydra
 11304 | D:12     | Killed a nine-headed hydra
 11309 | D:12     | Noticed a two-headed ogre
 11316 | D:12     | Killed a two-headed ogre
 11457 | D:12     | Found a basalt altar of Yredelemnul.
 11922 | Lair:1   | Entered Level 1 of the Lair of Beasts
 11941 | Lair:1   | Reached XP level 13. HP: 89/102 MP: 13/13
 11958 | Lair:1   | Received a gift from Okawaru
 11970 | Lair:1   | Got a twisted broad axe {god gift}
 11978 | Lair:1   | Reached skill level 10 in Fighting
 11994 | Lair:1   | Identified the +5 broad axe "Wyhur" {pain, rElec rPois
                  | Str-2 Dex+6} (Okawaru gifted it to you on level 1 of the
                  | Lair of Beasts)
 12263 | Lair:1   | Noticed Joseph
 12273 | Lair:1   | Killed Joseph
 12377 | Lair:1   | Noticed an eight-headed hydra
 12387 | Lair:1   | Killed a nine-headed hydra
 12539 | Lair:1   | Noticed a six-headed hydra
 12551 | Lair:1   | Killed a six-headed hydra
 13372 | Lair:2   | Noticed Harold
 13383 | Lair:2   | Killed Harold
 13390 | Lair:2   | Reached skill level 10 in Armour
 13436 | Lair:2   | Reached skill level 1 in Invocations
 13439 | Lair:2   | Reached ****** piety under Okawaru
 13879 | Lair:2   | Found a staircase to the Shoals.
 13938 | Lair:2   | Received a gift from Okawaru
 14025 | Lair:2   | Reached skill level 5 in Invocations
 14265 | Lair:3   | Noticed an eight-headed hydra
 14275 | Lair:3   | Killed an eight-headed hydra
 14502 | Lair:3   | Reached XP level 14. HP: 113/113 MP: 19/19
 14976 | Lair:3   | Reached skill level 10 in Invocations
 15473 | Lair:4   | Reached skill level 1 in Evocations
 15823 | Lair:4   | Noticed an entropy weaver
 15829 | Lair:4   | Received a gift from Okawaru
 15840 | Lair:4   | Reached skill level 5 in Evocations
 15853 | Lair:4   | Killed an entropy weaver
 15941 | Lair:4   | Noticed an entropy weaver
 15962 | Lair:4   | Killed an entropy weaver
 15963 | Lair:4   | Slain by a death yak

Vault maps used:
D:1:      tarquinn_simple_flora_water_e
D:2:      first_ration, serial_bayou_lake_a
D:3:      roderic_batcave, tso_metal_star
D:4:      led_sif_pool, nicolae_dithmenos_shadow_blocks,
          uniq_crazy_yiuf_cottage, uniq_natasha, uniq_pikel
D:5:      grunt_temple_overflow_open, serial_shops, kennysheep_little_box,
          shop_statue
D:6:      nicolae_gozag_seed_capital, old_standard_altar,
          minmay_temple_entry_butterflies, serial_shops, shop_statue,
          gammafunk_ghost_necromancy, nicolae_ru_sacrificial_ziggurat
D:7:      serial_shops, shop
D:8:      lemuel_round_altar, david_lair_generic, serial_curves, eino_curves_01,
          eino_curves_01
D:9:      xom_shifter_show, serial_shops, nicolae_shop_window_shopping
D:10:     david_orc_3, uniq_josephine
D:11:     hangedman_fish_farm
D:12:     yredelemnul_altar_generic
Temple:   nicolae_temple_god_jail
Lair:1:   wad_woods_road_03, grunt_megastairs_5, uniq_joseph
Lair:2:   minmay_shoals_entry_lonely_mermaid, uniq_harold
Lair:3:   grunt_megastairs_2, serial_bayou_shore_a
Lair:4:   guppyfry_snake_entry_island, special_room, zaba_anthell

Skill      XL: |  1  2  3  4  5  6  7  8  9 10 11 12 13 14 |
---------------+-------------------------------------------+-----
Shields        | 4 6 9 10 | 10.0
Fighting       | 4 6 7 9 11 | 11.0
Armour         | 4 6 7 10 | 10.5
Axes           | 3 4 7 10 13 15 | 15.0
Dodging        | 1 3 |  3.0
Stealth        | 3 |  3.3
Invocations    | 6 10 | 10.1
Evocations     | 7 |  7.7

Action                   |  1- 3 |  4- 6 |  7- 9 | 10-12 | 13-15 || total
-------------------------+-------+-------+-------+-------+-------++-------
Melee: War axe           |   120 |   178 |   361 |   219 |       ||   878
       Battleaxe         |       |       |       |   327 |   335 ||   662
       Great mace        |       |       |       |     7 |    46 ||    53
       Broad axe         |       |       |       |       |    47 ||    47
Invok: Heroism           |       |       |       |     5 |    11 ||    16
       Finesse           |       |       |       |       |     2 ||     2
 Abil: Dig               |       |       |       |     1 |     1 ||     2
  Use: Potion            |       |     2 |       |     2 |     1 ||     5
       Scroll            |       |     1 |     4 |     6 |     1 ||    12
 Stab: Sleeping          |       |       |       |     5 |       ||     5
       Distracted        |       |       |       |     1 |       ||     1
  Eat: Chunk             |     1 |     7 |    12 |    17 |    11 ||    48
       Ration            |       |       |       |       |     1 ||     1
Armor: Scale mail        |    44 |    68 |   107 |    34 |       ||   253
       Ring mail         |       |       |       |    67 |    99 ||   166
Dodge: Dodged            |    29 |   111 |   232 |   203 |   192 ||   767
Block: Shield            |    51 |   130 |   266 |   381 |   313 ||  1141
       Reflection        |       |       |       |    10 |     3 ||    13

Table legend:
 A = Non-vault XP
 B = Vault XP
 C = Vault XP percentage of total XP
 D = Non-vault monster count
 E = Vault monster count
 F = Vault count percentage of total count
                 A         B        C        D         E       F
            +---------+---------+-------+---------+---------+-------
      Total |   45638 |   20018 |  30.5 |     390 |     113 |  22.5
            +---------+---------+-------+---------+---------+-------
        D:1 |      35 |       0 |   0.0 |      19 |       0 |   0.0
        D:2 |     155 |       0 |   0.0 |      18 |       0 |   0.0
        D:3 |     213 |      63 |  22.8 |      25 |       7 |  21.9
        D:4 |     366 |     706 |  65.9 |      11 |       3 |  21.4
        D:5 |     621 |       0 |   0.0 |      22 |       0 |   0.0
        D:6 |    1004 |       0 |   0.0 |      23 |       0 |   0.0
        D:7 |    1775 |    1537 |  46.4 |      38 |       4 |   9.5
        D:8 |    1853 |       0 |   0.0 |      27 |       0 |   0.0
        D:9 |    2801 |       0 |   0.0 |      42 |       0 |   0.0
       D:10 |    2947 |    2465 |  45.5 |      19 |      10 |  34.5
       D:11 |    5241 |     301 |   5.4 |      43 |       1 |   2.3
       D:12 |    4702 |       0 |   0.0 |      18 |       0 |   0.0
     Lair:1 |    5754 |     792 |  12.1 |      19 |       4 |  17.4
     Lair:2 |    7672 |    1492 |  16.3 |      38 |       2 |   5.0
     Lair:3 |    8185 |    3001 |  26.8 |      24 |      12 |  33.3
     Lair:4 |    2314 |    9661 |  80.7 |       4 |      70 |  94.6
            +---------+---------+-------+---------+---------+-------
